 Dungeon Crawl Stone Soup version 0.29.1-14-g9c671dbff4 (webtiles) character file.

Game seed: 13472992333840036509

251 leafyfresh the Gusty (level 6, 0/36 HPs)
             Began as an Octopode Air Elementalist on Feb 21, 2023.
             Slain by a gnoll
             ... wielding a +0 whip
             ... led by a gnoll bouda
              (7 damage)
             ... on level 3 of the Dungeon.
             The game lasted 00:04:13 (5181 turns).

leafyfresh the Gusty (Octopode Air Elementalist)    Turns: 5181, Time: 00:04:14

Health: 0/36       AC:  1    Str:  8    XL:     6   Next: 13%
Magic:  12/18      EV: 13    Int: 19    God:
Gold:   220        SH:  0    Dex: 12    Spells: 3/9 levels left

rFire   . . .      SeeInvis +   o - +3 whip
rCold   . . .      Faith    .   (no shield)
rNeg    . . .      Spirit   .   (helmet restricted)
rPois   .          Reflect  .   (no amulet)
rElec   .          Harm     .   h - ring of see invisible
rCorr   .          Rampage  .   d - ring of magical power
Will    .....                   (no ring)
Stlth   +++.......              (no ring)
HPRegen 0.12/turn               (no ring)
MPRegen 0.16/turn               (no ring)
                                (no ring)
                                (no ring)

@: swift, very quick
A: almost no armour, amphibious, 8 rings, camouflage 1, gelatinous body 1,
(nimble swimmer 1), tentacles
a: no special abilities


You were on level 3 of the Dungeon.
You visited 1 branch of the dungeon, and saw 3 of its levels.

You collected 220 gold pieces.

Inventory:

Hand Weapons
 o - a +3 whip (weapon)
Missiles
 q - a throwing net
Magical Staves
 l - a staff of air
Jewellery
 d - a ring of magical power (right tentacle)
 h - a ring of see invisible (left tentacle)
Wands
 n - a wand of flame (26)
Scrolls
 b - 3 scrolls of identify {unknown}
 c - a scroll of fear {unknown}
 f - a scroll of blinking {unknown}
 i - a scroll of teleportation {unknown}
 m - a scroll of butterflies {unknown}
 p - 2 scrolls of poison {unknown}
Potions
 a - a potion of magic
 e - a potion of resistance {unknown}
 g - a potion of flight {unknown}
 j - a potion of might {unknown}
 k - 2 potions of haste {unknown}


   Skills:
 - Level 2.7 Dodging
 - Level 3.7 Stealth
 - Level 2.4 Spellcasting
 - Level 1.0 Conjurations
 + Level 5.8 Air Magic


You had 3 spell levels left.
You knew the following spells:

 Your Spells              Type           Power      Damage    Failure   Level
a - Shock                 Conj/Air       60%        1d6       4%          1
b - Static Discharge      Conj/Air       15%        3-5/arc   6%          2
c - Swiftness             Air            24%        N/A       4%          3

Your spell library contained the following spells:

 Spells                   Type           Power      Damage    Failure   Level
 Airstrike                Air            12%        2d(2-18)  14%         4


Dungeon Overview and Level Annotations

Branches:
Dungeon (3/15)

Altars:


Innate Abilities, Weirdness & Mutations

You cannot wear most types of armour.
You are amphibious.
You can wear up to eight rings at the same time.
Your skin changes colour to match your surroundings (Stealth+).
Your rubbery body absorbs attacks. (AC +1, EV +1)
((You are camouflaged when in or above water. (Stealth+)))
You have tentacles for arms and can constrict up to eight enemies at once.


Message History

The plant begins to die.
The rat barely misses you. The rat attacks as you move away!
The rat closely misses you.
Something hits the plant.
The plant begins to die.
Something hits the plant.
The plant begins to die.
The rat attacks as you move away! The rat bites you.
Casting: Static Discharge (safe; 6% risk of failure)
Confirm with . or Enter, or press ? or * to list all spells.
The rat is struck by an arc of lightning.
You kill the rat!
You are struck by an arc of lightning.
The gnoll closely misses you. The gnoll attacks as you move away!
The gnoll barely misses you. The gnoll attacks as you move away!
The gnoll hits you with a +0 whip.
Found 5 stones.
Your attacks no longer feel as feeble.
Casting: Static Discharge (safe; 6% risk of failure)
Confirm with . or Enter, or press ? or * to list all spells.
You miscast Static Discharge.
You are very lightly contaminated with residual magic.
Nothing appears to happen.
The gnoll hits you with a +0 whip. The gnoll misses you.
The gnoll attacks as you move away! The gnoll hits you with a +0 whip.
The gnoll is no longer moving quickly.
The gnoll bouda barks out a call to the hunt!
The gnoll picks up the pace!
You hear a shout!
Casting: Static Discharge (safe; 6% risk of failure)
Confirm with . or Enter, or press ? or * to list all spells.
Okay, then.
Casting: Static Discharge (safe; 6% risk of failure)
Confirm with . or Enter, or press ? or * to list all spells.
You feel quick.
The gnoll hits you from afar with a +0 spear.
The gnoll hits you with a +0 whip.
Unknown command.
The gnoll hits you with a +0 whip.
* * * LOW HITPOINT WARNING * * *
Your magical contamination has completely faded away.
The gnoll attacks as you move away! The gnoll hits you with a +0 whip!
You die...

# #........# #.# # #....##### #.#
# #....# #.# ###....# #.# .#.
.......#######.####### ...(.
.............)........ ....
......###....#.####### #..# #..
......###....#.#########..#####..
.............#..@g...##.........P
##.÷.........###..g......#.....g.
.........#######.##......#.......
.........##......#.......#!...!..
..#########.#.#....).g...#.g.....
..............#......#...#....g..
.##############......#.#.†.#####.
.# .............#.##### ## .#
######...###.#.#


You could see a gnoll bouda and 2 gnolls.

Vanquished Creatures
  Jessica (D:3)
  Natasha (thrice) (D:3)
  An orc wizard (D:3)
  Robin (D:3)
  3 adders
  2 worms (D:3)
  2 dart slugs
  2 orcs (D:3)
  6 ball pythons
  10 endoplasms
  2 giant cockroaches
  10 goblins
  7 hobgoblins
  4 jackals (D:3)
  3 quokkas
  5 bats
  4 frilled lizards
  5 kobolds
  6 rats
77 creatures vanquished.

Vanquished Creatures (others)
  7 plants (D:3)
7 creatures vanquished.

Grand Total: 84 creatures vanquished

Notes
Turn   | Place    | Note
-------+----------+-------------------------------------------
     0 | D:1      | leafyfresh the Octopode Air Elementalist began the quest
                  | for the Orb.
     0 | D:1      | Reached XP level 1. HP: 11/11 MP: 3/3
   655 | D:1      | Reached XP level 2. HP: 8/17 MP: 3/5
  1374 | D:1      | Found a faded altar of an unknown god.
  1515 | D:1      | Reached XP level 3. HP: 16/21 MP: 6/6
  2398 | D:2      | Reached XP level 4. HP: 24/27 MP: 7/7
  2942 | D:3      | Noticed Jessica
  2950 | D:3      | Killed Jessica
  2951 | D:3      | Reached skill level 4 in Air Magic
  3393 | D:3      | Learned a level 2 spell: Static Discharge
  3397 | D:3      | Learned a level 3 spell: Swiftness
  3447 | D:3      | Noticed Natasha
  3454 | D:3      | Killed Natasha
  3455 | D:3      | Reached XP level 5. HP: 13/31 MP: 8/8
  3791 | D:3      | Reached skill level 5 in Air Magic
  3880 | D:3      | Noticed Robin
  4445 | D:3      | Killed Robin
  4607 | D:3      | Noticed Natasha
  4615 | D:3      | Killed Natasha
  4733 | D:3      | Noticed Natasha
  4739 | D:3      | Killed Natasha
  4740 | D:3      | Reached XP level 6. HP: 17/36 MP: 9/9
  5181 | D:3      | Slain by a gnoll

Illustrated notes

Levels and vault maps discovered:
D:1:      wander_arrival_chamber, layout_loops_ring,
          ebering_ecumenical_altar_ruins, minmay_pentomino_o4
D:2:      layout_loops_ring, grunt_ministairs_3, chequers_serial_rivers_micro_a
D:3:      layout_basic, serial_shops, shop, nicolae_grassy_gnolls, uniq_jessica,
          uniq_crazy_yiuf_cottage, uniq_natasha, uniq_robin, uniq_terence

Skill      XL: |  1  2  3  4  5 |
---------------+----------------+-----
Stealth        | 3 |  3.7
Air Magic      | 4 5 |  5.8
Dodging        | |  2.7
Spellcasting   | |  2.4
Conjurations   | |  1.0

Action                   |  1- 3 |  4- 6 || total
-------------------------+-------+-------++-------
Melee: Unarmed           |    61 |       ||    61
       Constrict         |    18 |    17 ||    35
       Tentacles         |    19 |    11 ||    30
       Staff             |     3 |    10 ||    13
       Whip              |       |    37 ||    37
 Cast: Shock             |    25 |     3 ||    28
       Static Discharge  |       |    22 ||    22
       Swiftness         |       |     1 ||     1
 Stab: Sleeping          |    11 |     7 ||    18
Armor: Skin              |     7 |     4 ||    11
Dodge: Dodged            |    37 |    56 ||    93
